 Dungeon Crawl Stone Soup version 0.25-a0-937-gcfae464cf3 (webtiles) character file.

Game seed: 8605493906685822596, levelgen mode: deterministic

18 FrogZ the Conjurer (level 2, -3/20 HPs)
             Began as a Draconian Conjurer on May 4, 2020.
             Killed themself with a badly aimed iceblast (8 damage)
             ... on level 2 of the Dungeon.
             The game lasted 00:16:25 (553 turns).

FrogZ the Conjurer (Draconian Conjurer)              Turns: 553, Time: 00:16:26

Health: -3/20      AC:  4    Str: 10    XL:     2   Next: 51%
Magic:  0/5        EV: 12    Int: 15    God:
Gold:   38         SH:  0    Dex: 11    Spells: 4/5 levels left

rFire    . . .     SeeInvis .   (no weapon)
rCold    . . .     Gourm    .   (no shield)
rNeg     . . .     Faith    .   (armour unavailable)
rPois    .         Spirit   .   (helmet restricted)
rElec    .         Reflect  .   (no cloak)
rCorr    .         Harm     .   (no gloves)
MR       .....                  (no boots)
Stlth    ++........             (no amulet)
HPRegen  0.06/turn              (no ring)
MPRegen  0.09/turn              (no ring)

@: no status effects
A: unfitting armour, cold-blooded, AC +4
a: no special abilities


You were on level 2 of the Dungeon.
You were full.

You visited 1 branch of the dungeon, and saw 2 of its levels.

You collected 38 gold pieces.

Inventory:

Wands
 c - a wand of clouds (4)
 h - a wand of iceblast (10)
Scrolls
 e - a scroll of fog {unknown}
 g - a scroll of immolation {unknown}
 i - a scroll of identify
Potions
 a - a potion of brilliance {unknown}
 b - a potion of might {unknown}
 f - a potion of heal wounds {unknown}
Comestibles
 d - a chunk of flesh


   Skills:
 + Level 2.0 Dodging
 + Level 1.7 Stealth
 + Level 2.0 Spellcasting
 + Level 4.6 Conjurations


You had 4 spell levels left.
You knew the following spells:

 Your Spells              Type           Power        Failure   Level  Hunger
a - Magic Dart            Conj           ###.         3%          1    #......

Your spell library contained the following spells:

 Spells                   Type           Power        Failure   Level  Hunger
 Searing Ray              Conj           ###...       4%          2    ###....
 Dazzling Flash           Conj/Hex       #.....       26%         3    ###....
 Fulminant Prism          Conj/Hex       #.........   65%         4    #####..
 Iskenderun's Mystic Bla  Conj/Tloc      #.......     65%         4    #####..


Dungeon Overview and Level Annotations

Branches:
Dungeon (2/15)

Altars:


Innate Abilities, Weirdness & Mutations

Your plain brown scales are hard. (AC +4)
You cannot fit into any form of body armour.
You are cold-blooded and may be slowed by cold attacks.


Message History

Aim: a gnoll, wielding a +0 club (heavily wounded)
The magic dart hits the gnoll.
The gnoll is almost dead.
The gnoll hits you with a +0 club.
* * * LOW HITPOINT WARNING * * *
The gnoll hits you.
* * * LOW HITPOINT WARNING * * *
Casting: Magic Dart (safe; 3% risk of failure)
Confirm with . or Enter, or press ? or * to list all spells.
You don't have enough magic to cast that spell.
Unknown command.
Aiming: Iceblast
Press: ? - help, Shift-Dir - straight line, f/p - gnoll
Aim: a gnoll, wielding a +0 club (almost dead)
The mass of ice explodes!
The iceblast engulfs the gnoll!
You kill the gnoll!
The iceblast engulfs the gnoll!
The gnoll is severely wounded.
The iceblast engulfs you!
You die...

####.######.#####.
####...............#.
.....................
####.##.######.###)##
#.##.# #.# #.# #.##.#
#.# #.## ###.##.# #<#
#... #......# #.#
#### #.#@#..# #.# #
#..g)....... ..# #
#..#.#..#### #
#.......# ########
...##.##.# ........
.... ..##.. ########
..## ### ### # ##


You could see a gnoll.

Vanquished Creatures
  A gnoll (D:2)
  2 hobgoblins (D:2)
  2 bats
  A frilled lizard (D:1)
  A goblin (D:2)
  A kobold (D:2)
  2 rats
10 creatures vanquished.

Notes
Turn   | Place    | Note
-------+----------+-------------------------------------------
     0 | D:1      | FrogZ the Draconian Conjurer began the quest for the Orb.
     0 | D:1      | Reached XP level 1. HP: 14/14 MP: 3/3
   301 | D:1      | You fall into a shaft and drop 1 floor!
   547 | D:2      | Reached XP level 2. HP: 20/20 MP: 5/5
   553 | D:2      | Killed themself with a badly aimed iceblast

Levels and vault maps discovered:
D:1:      dpeg_arrival_another_circle, layout_basic, dk_noncrumbling_3
D:2:      layout_loops_ring, grunt_gozag_breadcrumbs, uniq_crazy_yiuf_cottage

Skill      XL: |  1 |
---------------+----+-----
Dodging        | 2 |  2.0
Stealth        | |  1.7
Spellcasting   | |  2.0
Conjurations   | |  4.6

Action                   || total
-------------------------++-------
Melee: Unarmed           ||    46
       Tailslap          ||     2
 Cast: Magic Dart        ||    10
Evoke: Wand              ||     1
  Use: Scroll            ||     1
       Potion            ||     1
  Eat: Ration            ||     1
Armor: Skin              ||    34
Dodge: Dodged            ||    35

Table legend:
 A = Non-vault XP
 B = Vault XP
 C = Vault XP percentage of total XP
 D = Non-vault monster count
 E = Vault monster count
 F = Vault count percentage of total count
                 A         B        C        D         E       F
            +---------+---------+-------+---------+---------+-------
      Total |      27 |       0 |   0.0 |      10 |       0 |   0.0
            +---------+---------+-------+---------+---------+-------
        D:1 |       3 |       0 |   0.0 |       3 |       0 |   0.0
        D:2 |      24 |       0 |   0.0 |       7 |       0 |   0.0
            +---------+---------+-------+---------+---------+-------
